 Dungeon Crawl Stone Soup version 0.31-a0-221-gbddc013574 (webtiles) character file.

Game seed: 17342453269190699767

271 Iniera the Slasher (level 6, -4/37 HPs)
             Began as a Tengu Monk on July 5, 2023.
             Killed from afar by a white imp (9 damage)
             ... with a puff of frost
             ... on level 4 of the Dungeon.
             The game lasted 00:03:53 (3003 turns).

Iniera the Slasher (Tengu Monk)                     Turns: 3003, Time: 00:03:54

Health: -4/37      AC:  2    Str: 11    XL:     6   Next: 23%
Magic:  7/7        EV: 18    Int: 10    God:
Gold:   113        SH:  0    Dex: 19    Spells: 5/5 levels left

rFire   . . .        a - +0 falchion (drain)
rCold   . . .        d - orb {light}
rNeg    . . .        b - +0 robe
rPois   .            (helmet restricted)
rElec   .            (no cloak)
rCorr   .            (no gloves)
SInv    .            (boots unavailable)
Will    +....        (no amulet)
Stlth   +            o - ring of willpower
HPRegen 0.26/turn    (no ring)
MPRegen 0.10/turn

%: no passive effects
@: flying quickly and evasively, glowing, quick
A: beak, talons 3, nimble flight
a: no special abilities


You were on level 4 of the Dungeon.
You visited 1 branch of the dungeon, and saw 4 of its levels.

You collected 113 gold pieces.

Inventory:

Hand Weapons
 a - a +0 falchion of draining (weapon)
Armour
 b - a +0 robe (worn)
 d - an orb of light (worn)
Jewellery
 o - a ring of willpower (left hand)
Scrolls
 e - 2 scrolls of fear
 j - a scroll of brand weapon
Potions
 c - a potion of brilliance {unknown}
 f - a potion of enlightenment
 h - a potion of mutation {unknown}
 i - a potion of attraction {unknown}
 k - a potion of heal wounds {unknown}
 m - 2 potions of lignification
 n - a potion of cancellation {unknown}


   Skills:
 - Level 3.0 Fighting
 * Level 6.3 Long Blades
 + Level 5.0 Dodging


You had 5 spell levels left.
You didn't know any spells.
Your spell library was empty.

Dungeon Overview and Level Annotations

Branches:
Dungeon (4/15)
 Temple: D:4-7

Altars:

Shops:
D:2 [

Annotations:
D:4 Dowan, Duvessa, Sigmund


Innate Abilities, Weirdness & Mutations

You have a beak for a mouth.
You have claws for feet.
Your magical nature lets you fly swiftly and evasively.


Message History

Sigmund gestures at you while chanting. The magic dart hits you.
* * * LOW HITPOINT WARNING * * *
You feel better. The hound closely misses you.
Okay, then.
You hit the hound.
You kill the hound!
As you read the scroll of fear, it crumbles to dust.
You assume a fearsome visage.
The ufetubus looks frightened!
The shadow imp looks frightened! x2; Dowan looks frightened!
Sigmund looks frightened!
The goblin looks frightened!
The hobgoblin looks frightened!
Sigmund casts a spell.
Sigmund flickers and vanishes for a moment.
Dowan casts a spell.
Dowan blinks!
Cornered, the shadow imp turns to fight!
Dowan mumbles some strange words.
Dowan blinks!
Found a stone staircase leading down and a stone staircase leading up.
Dowan casts a spell.
Dowan blinks!
Found a stone staircase leading down.
The shadow imp gestures at you. Pain shoots through your body!
* * * LOW HITPOINT WARNING * * *
Dowan mumbles some strange words.
Dowan blinks!
A white imp comes into view.
Found a short sword.
The shadow imp picks up a beetle and eats it.
A white imp comes into view.
The white imp shouts!
The shadow imp gestures at you. You resist with some effort.
The white imp laughs crazily.
The white imp completely misses you. The white imp gestures at you.
The puff of frost hits you!
You die...

######### . ## ......5##......#
#..♣............{.# ...5....)#
.....## ##.♣P♣...>.####.....####
#..PPP.5...........[.... ####
##.##...@...####...$###..
...#####........................#
........####....>....5...##.###..
........##...........5...........
............P..####.....#######..
.....<......####).#######.....#..
........##..#..#..#..#..#.....#..
#######.##..#..)..#.('..))....#..
#..#..#####'####).########.


You could see 3 white imps, a shadow imp and an ufetubus (fleeing).

Vanquished Creatures
  2 hounds (D:4)
  An iguana (D:4)
  3 gnolls (D:4)
  3 adders
  A shadow imp (D:4)
  A white imp (D:4)
  3 ufetubi (D:4)
  2 worms (D:2)
  A dart slug (D:1)
  7 orcs (D:4)
  4 ball pythons
  6 endoplasms
  5 giant cockroaches
  8 goblins
  8 hobgoblins
  3 quokkas
  9 bats
  5 frilled lizards
  9 kobolds
  6 rats
87 creatures vanquished.

Notes
Turn   | Place    | Note
-------+----------+-------------------------------------------
     0 | D:1      | Iniera the Tengu Monk began the quest for the Orb.
     0 | D:1      | Reached XP level 1. HP: 14/14 MP: 2/2
   106 | D:1      | Reached XP level 2. HP: 13/19 MP: 3/3
   152 | D:1      | Found a faded altar of an unknown god.
   198 | D:1      | Reached skill level 4 in Long Blades
   387 | D:1      | Reached XP level 3. HP: 23/23 MP: 4/4
  1148 | D:2      | Reached XP level 4. HP: 23/28 MP: 5/5
  1240 | D:2      | Found Zoimaker's Antique Armour Emporium.
  1889 | D:3      | Reached skill level 5 in Long Blades
  2553 | D:4      | Gained mutation: Your magical nature lets you fly swiftly
                  | and evasively. [Tengu growth]
  2553 | D:4      | Reached XP level 5. HP: 28/32 MP: 6/6
  2712 | D:4      | Reached skill level 6 in Long Blades
  2712 | D:4      | Reached XP level 6. HP: 7/37 MP: 7/7
  2787 | D:4      | Reached skill level 5 in Dodging
  2817 | D:4      | Noticed Duvessa
  2817 | D:4      | Noticed Dowan
  2987 | D:4      | Noticed Sigmund
  3003 | D:4      | Killed from afar by a white imp

Illustrated notes

Levels and vault maps discovered:
D:1:      noname_arrival_rooms_in_the_neighbourhood, layout_basic,
          hellmonk_ecumenical_altar_pennies_from_heaven, roderic_roman_lattice,
          st_stairs_10, grunt_decor_fettered
D:2:      layout_basic, serial_shops, nicolae_shop_real_fake_doors,
          kennysheep_minor_cross, grunt_ministairs_12
D:3:      layout_basic
D:4:      corexii_shantytown, layout_rooms, serial_demonic, serial_demonic_e,
          serial_demonic_a, serial_demonic_f, serial_demonic_b,
          serial_demonic_e, serial_demonic_c, serial_demonic_a, uniq_duvessa,
          uniq_sigmund

Skill      XL: |  1  2  3  4  5  6 |
---------------+-------------------+-----
Long Blades    | 4 5 6 |  6.3
Dodging        | 4 5 |  5.0
Fighting       | |  3.0

Action                     |  1- 3 |  4- 6 || total
---------------------------+-------+-------++-------
  Melee: Falchion          |    65 |   100 ||   165
         Kick              |    16 |    21 ||    37
         Peck              |    12 |    24 ||    36
  Throw: Dart              |       |     3 ||     3
    Use: Scroll            |       |    10 ||    10
         Potion            |       |     3 ||     3
   Stab: Sleeping          |     1 |       ||     1
 Armour: Robe              |    11 |    13 ||    24
  Dodge: Dodged            |    39 |    83 ||   122

Table legend: (Time is in decaauts)
 A = Elapsed time spent in this place.
 B = Non-inter-level travel time spent in this place.
 C = Inter-level travel time spent in this place.
 D = Time resting spent in this place.
 E = Time spent auto-exploring this place.
 F = Levels seen in this place.
 G = Mean time per level.
                   A        B        C        D        E       F      G
               +--------+--------+--------+--------+--------+-----+--------+
         Total |   2989 |   2889 |    100 |    134 |   2259 |   4 |  747.2 |
       Dungeon |   2989 |   2889 |    100 |    134 |   2259 |   4 |  747.2 |
               +--------+--------+--------+--------+--------+-----+--------+

Top non-repeatable levels by time:
     D:2: 938 daAuts
     D:1: 882 daAuts
     D:3: 716 daAuts
     D:4: 451 daAuts
